1793 views
Uploaded 2022-12-17 13:41:26
Game version 1.32.10
11:45 long 1on1 ladder game on (2)NorthernIsles
Saved by DKnight
1793 views
Uploaded 2022-12-17 13:41:26
Game version 1.32.10
11:45 long 1on1 ladder game on (2)NorthernIsles

17 units @ 2.3k
/ 0.2k
10 buildings @ 1.6k
/ 0.6k



| Healing Salve | 5 | 500 |
| Scroll of Speed | 2 | 100 |
| Lesser Clarity Potion | 1 | 70 |
| Orb of Lightning | 1 | 375 |
| total: | 9 | 1045g |
| Peon | 7 | 525 | / | 0 |
| Grunt | 3 | 600 | / | 0 |
| Raider | 2 | 360 | / | 80 |
| Shaman | 2 | 260 | / | 40 |
| Kodo Beast | 1 | 255 | / | 60 |
| Troll Berserker | 2 | 280 | / | 40 |
| total: | 17 | 2280g | / | 220w |
| Altar of Storms | 1 | 180 | / | 50 |
| Orc Burrow | 4 | 640 | / | 160 |
| Barracks | 1 | 180 | / | 50 |
| Voodoo Lounge | 1 | 130 | / | 30 |
| War Mill | 1 | 205 | / | 0 |
| Beastiary | 1 | 145 | / | 140 |
| Spirit Lodge | 1 | 150 | / | 150 |
| Stronghold | 1 | 315 | / | 190 |
| Fortress | 1 | 325 | / | 190 |
| total: | 10 | 1630g | / | 580w |
| 0:01 | Peon |
| 0:02 | Peon |
| 0:02 | Peon |
| 0:04 | Altar of Storms |
| 0:18 | Orc Burrow |
| 0:33 | Barracks |
| 0:41 | Peon |
| 0:55 | Peon |
| 1:30 | Voodoo Lounge |
| 1:36 | Grunt |
| 1:41 | Peon |
| 1:42 | Peon |
| 2:01 | Orc Burrow |
| 2:32 | Wind Walk |
| 2:42 | Stronghold |
| 2:57 | Grunt |
| 3:18 | Healing Salve |
| 3:18 | Healing Salve |
| 3:18 | Scroll of Speed |
| 3:33 | Orc Burrow |
| 4:16 | Grunt |
| 4:19 | War Mill |
| 5:10 | Beastiary |
| 5:13 | Spirit Lodge |
| 5:23 | Critical Strike |
| 5:32 | Berserker Strength |
| 6:02 | Healing Salve |
| 6:02 | Lesser Clarity Potion |
| 6:03 | Scroll of Speed |
| 6:09 | Fortress |
| 6:20 | Hex |
| 7:05 | Ensnare |
| 7:05 | Raider |
| 7:11 | Shaman Adept Training |
| 7:12 | Shaman |
| 8:08 | Wind Walk |
| 8:20 | Healing Wave |
| 8:36 | Shaman |
| 8:37 | Berserker Upgrade |
| 8:43 | Orc Burrow |
| 8:44 | Reinforced Defenses |
| 9:14 | Orb of Lightning |
| 9:14 | Healing Salve |
| 9:14 | Healing Salve |
| 9:37 | War Stomp |
| 10:11 | Kodo Beast |
| 10:13 | Shaman Master Training |
| 10:14 | Troll Berserker |
| 10:14 | Troll Berserker |
| 11:28 | Raider |
| Right click | 493 |
| Select | 186 |
| Select group | 99 |
| Misc. action | 75 |
| Build/train/purchase | 59 |
| Use ability | 26 |
| Assign group | 23 |
| Item give/drop | 3 |
| Esc | 1 |
19 units @ 3k
/ 0.4k
10 buildings @ 1.6k
/ 0.5k


| Rod of Necromancy | 2 | 300 |
| Orb of Corruption | 1 | 375 |
| Dust of Appearance | 2 | 150 |
| total: | 5 | 825g |
| Acolyte | 3 | 225 | / | 0 |
| Ghoul | 6 | 720 | / | 0 |
| Crypt Fiend | 7 | 1505 | / | 280 |
| Obsidian Statue | 3 | 600 | / | 105 |
| total: | 19 | 3050g | / | 385w |
| Nerubian Tower | 1 | 100 | / | 20 |
| Crypt | 1 | 200 | / | 50 |
| Altar of Darkness | 1 | 180 | / | 50 |
| Ziggurat | 5 | 750 | / | 250 |
| Tomb of Relics | 1 | 130 | / | 30 |
| Graveyard | 1 | 215 | / | 0 |
| Slaughterhouse | 1 | 140 | / | 135 |
| Halls of the Dead | 1 | 320 | / | 210 |
| Black Citadel | 1 | 325 | / | 230 |
| total: | 10 | 1615g | / | 515w |
| 0:03 | Acolyte |
| 0:04 | Acolyte |
| 0:09 | Crypt |
| 0:11 | Altar of Darkness |
| 0:33 | Ziggurat |
| 0:45 | Acolyte |
| 1:01 | Tomb of Relics |
| 1:09 | Ghoul |
| 1:25 | Ghoul |
| 1:34 | Ziggurat |
| 1:46 | Ghoul |
| 2:21 | Rod of Necromancy |
| 2:22 | Death Coil |
| 2:30 | Ghoul |
| 2:45 | Halls of the Dead |
| 2:56 | Graveyard |
| 3:11 | Nerubian Tower |
| 3:16 | Ghoul |
| 3:36 | Ghoul |
| 3:51 | Unholy Aura |
| 4:04 | Dust of Appearance |
| 4:45 | Crypt Fiend |
| 4:54 | Ziggurat |
| 5:06 | Rod of Necromancy |
| 5:36 | Slaughterhouse |
| 5:55 | Crypt Fiend |
| 6:12 | Frost Nova |
| 7:08 | Black Citadel |
| 7:08 | Crypt Fiend |
| 7:26 | Crypt Fiend |
| 7:27 | Obsidian Statue |
| 7:46 | Crypt Fiend |
| 7:58 | Crypt Fiend |
| 8:01 | Ziggurat |
| 8:23 | Burrow |
| 8:29 | Obsidian Statue |
| 9:03 | Obsidian Statue |
| 9:03 | Frost Armor |
| 9:07 | Crypt Fiend |
| 9:35 | Dust of Appearance |
| 9:36 | Destroyer Form |
| 9:53 | Orb of Corruption |
| 10:09 | Ziggurat |
| 10:34 | Death Coil |
| Right click | 756 |
| Select group | 597 |
| Select | 225 |
| Build/train/purchase | 55 |
| Misc. action | 50 |
| Assign group | 47 |
| Use ability | 26 |
| Item give/drop | 2 |
| Remove unit | 1 |